Map: Simulacrum LE

Players

AfreecaDRG (DRG) - Winner!

  • Race: Zerg Zerg
  • Spawn Location: 5:00

TSGSolar (Solar)

  • Race: Zerg Zerg
  • League: Master
  • Spawn Location: 11:00

Event: Shopify TSL 5

VOD

Have the link to the VOD?

Description

Time

  • Played on: May 16, 2020, 7:18 a.m.
  • Length: 13:21

All games in this series

Show
View Real Time Build Order
Export as new Build Order

AfreecaDRG Zerg - Winner!

Build Orders: Hatch First 

Get SALT Encoding   

  12  0:00  Drone  
  13  0:12  Overlord  
  13  0:17  Drone  
  14  0:30  Drone x2  
  16  0:48  Hatchery  
  15  0:51  Drone  
  15  0:55  Drone  
  17  0:58  Drone  
  18  1:08  Extractor  
  17  1:13  Spawning Pool  
  17  1:17  Drone  
  17  1:20  Drone  
  18  1:27  Drone  
  19  1:39  Drone  
  20  1:49  Drone  
  21  2:00  Queen x2  
  21  2:01  Overlord  
  25  2:02  Drone  
  26  2:11  Metabolic Boost  
  26  2:13  Drone x2  
  28  2:22  Drone  
  29  2:23  Zergling x2  
  30  2:35  Hatchery  
  29  2:38  Drone x2  
  31  2:45  Baneling Nest  
  31  2:47  Overlord  
  31  2:50  Drone  
  31  2:54  Drone x2  
  33  3:05  Drone x2  
  35  3:08  Drone x3  
  35  3:12  Zergling x4  
  40  3:13  Zergling x2  
  40  3:19  Queen  
  41  3:24  Overlord  
  43  3:27  Drone  
  44  3:37  Evolution Chamber  
  44  3:40  Drone  
  44  3:41  Overlord  
  44  3:44  Drone x5  
  44  3:47  Drone x2  
  51  3:52  Drone x2  
  53  3:55  Overlord  
  53  3:59  Drone x2  
  54  4:03  Zerg Missile Weapons Level 1  
  54  4:07  Roach Warren  
  53  4:10  Drone  
  53  4:16  Drone x2  
  56  4:19  Extractor  
  56  4:20  Extractor  
  56  4:21  Zergling x4  
  56  4:23  Drone  
  57  4:24  Drone  
  57  4:25  Drone  
  59  4:31  Drone  
  59  4:32  Drone x2  
  59  4:35  Baneling x2, Overlord  
  59  4:37  Zergling x4  
  64  4:42  Baneling x2  
  64  4:43  Zergling x4  
  65  4:54  Roach x7  
  75  5:03  Roach x3  
  81  5:08  Overlord  
  81  5:11  Overlord  
  81  5:14  Overlord  
  81  5:20  Overlord  
  80  5:27  Zergling x8  
  82  5:30  Zergling x4  
  82  5:31  Zergling x2  
  82  5:32  Zergling x2  
  83  5:36  Zergling x2  
  84  5:43  Zergling x2  
  84  5:44  Zergling x2  
  84  5:46  Zergling x2  
  84  5:48  Ravager  
  84  5:49  Zergling x2  
  87  5:53  Lair  
  87  5:54  Zergling x2  
  87  5:55  Zergling x6  
  87  5:58  Zergling x2  
  83  6:11  Drone x2  
  83  6:12  Drone x4  
  83  6:18  Drone  
  83  6:24  Drone x5  
  86  6:31  Drone x4  
  86  6:32  Drone x3  
  93  6:33  Extractor  
  93  6:35  Extractor, Hatchery  
  93  6:39  Roach  
  94  6:40  Roach  
  94  6:41  Extractor  
  94  6:45  Roach x2  
  96  6:51  Overlord  
  96  6:52  Zerg Missile Weapons Level 2, Glial Reconstitution  
  96  6:53  Roach x4  
  104  6:55  Evolution Chamber  
  104  6:56  Overlord  
  104  6:58  Roach  
  104  6:59  Roach x4  
  113  7:08  Overlord x2  
  113  7:13  Roach x3  
  118  7:17  Roach  
  118  7:20  Roach  
  122  7:24  Zerg Ground Armor Level 1  
  122  7:25  Drone x3  
  122  7:29  Ravager  
  125  7:30  Ravager  
  125  7:32  Ravager  
  125  7:33  Roach x7, Overseer  
  125  7:36  Drone x2  
  141  7:40  Pneumatized Carapace  
  141  7:46  Roach x2  
  141  7:48  Queen  
  141  7:50  Drone x3  
  150  7:53  Overlord  
  150  7:55  Overlord  
  150  7:59  Drone  
  150  8:01  Overlord x2  
  151  8:08  Overlord  
  151  8:10  Extractor, Overlord  
  151  8:12  Roach x3  
  156  8:16  Roach  
  156  8:17  Roach  
  156  8:19  Ravager x5  
  165  8:23  Infestation Pit  
  165  8:24  Drone  
  165  8:25  Drone x2  
  167  8:29  Roach x3  
  167  8:33  Roach x2  
  177  8:39  Roach x3  
  183  8:48  Ravager x3  
  185  8:50  Roach x4  
  185  8:54  Roach x2  
  198  9:01  Hive  
  198  9:04  Extractor  
  198  9:05  Overlord  
  188  9:19  Roach  
  188  9:21  Zerg Ground Armor Level 2  
  186  9:29  Roach x11  
  167  9:35  Roach x5  
  161  9:41  Roach x4  
  169  9:47  Ravager  
  169  9:49  Ravager  
  171  9:53  Roach x4  
  171  9:54  Hatchery  
  178  10:00  Roach x6  
  182  10:10  Roach x5  
  182  10:11  Roach  
  175  10:17  Roach x3  
  175  10:19  Roach  
  158  10:24  Roach x2  
  158  10:27  Roach x2  
  150  10:31  Roach x2  
  144  10:37  Zerg Missile Weapons Level 3  
  144  10:40  Drone x3  
  147  10:43  Roach x2  
  147  10:44  Ravager x2  
  147  10:49  Roach x2  
  157  10:53  Roach x3  
  163  11:03  Roach x5  
  171  11:09  Roach x4  
  171  11:10  Ravager  
  171  11:11  Ravager  
  179  11:12  Ravager  
  180  11:20  Roach x5  
  190  11:35  Roach x6  
  200  11:51  Hydralisk Den  
  196  11:57  Roach  
  196  11:58  Roach  
  193  12:14  Roach  
  193  12:15  Roach x5  
  184  12:23  Roach x5  
  190  12:30  Roach x4  
  190  12:36  Roach x4  
  180  12:39  Roach  
  162  12:47  Roach x5  
  158  12:59  Roach  
  158  13:01  Overseer  
  160  13:06  Hatchery  
Show
View Real Time Build Order
Export as new Build Order

TSGSolar Zerg 

Build Orders: Hatch First 

Get SALT Encoding   

  12  0:01  Drone  
  13  0:12  Overlord  
  13  0:17  Drone  
  14  0:31  Drone x2  
  16  0:48  Hatchery  
  15  0:51  Drone  
  15  0:55  Drone  
  17  0:58  Drone  
  18  1:11  Extractor  
  17  1:14  Spawning Pool  
  17  1:18  Drone  
  17  1:20  Drone  
  18  1:31  Drone  
  19  1:40  Drone  
  20  1:51  Overlord  
  20  2:01  Queen x2, Zergling x2  
  21  2:04  Drone  
  26  2:11  Drone x2  
  26  2:12  Metabolic Boost  
  28  2:21  Drone x2  
  30  2:35  Hatchery  
  29  2:37  Drone  
  29  2:40  Drone  
  29  2:43  Drone  
  32  2:49  Baneling Nest  
  32  2:51  Drone  
  32  2:55  Overlord  
  32  2:57  Zergling x2  
  33  3:05  Drone x2  
  34  3:12  Zergling x2  
  36  3:14  Drone x5  
  41  3:20  Evolution Chamber  
  41  3:21  Zergling x2  
  41  3:24  Overlord  
  41  3:30  Queen  
  41  3:33  Zergling x2  
  44  3:35  Baneling  
  44  3:45  Drone x6  
  44  3:48  Zerg Missile Weapons Level 1  
  50  3:50  Drone  
  50  3:54  Drone  
  52  3:58  Overlord  
  52  3:59  Drone  
  52  4:01  Drone  
  54  4:05  Drone  
  55  4:11  Zergling x6  
  55  4:12  Roach Warren  
  55  4:15  Drone, Overlord  
  57  4:19  Drone x2  
  57  4:20  Drone  
  60  4:25  Lair  
  60  4:27  Zergling x2  
  60  4:28  Extractor  
  60  4:29  Extractor, Drone  
  60  4:33  Overlord  
  60  4:35  Drone  
  61  4:38  Drone x3  
  61  4:42  Drone x2  
  66  4:46  Zergling x2  
  66  4:47  Drone  
  66  4:48  Zergling x2  
  66  4:49  Drone x4  
  66  4:52  Drone  
  73  4:55  Overlord  
  72  5:00  Zergling x2  
  72  5:04  Zergling x2  
  72  5:05  Overlord  
  74  5:08  Baneling x2  
  74  5:10  Drone  
  74  5:11  Drone  
  74  5:12  Pneumatized Carapace  
  74  5:13  Extractor, Zergling x2  
  75  5:14  Extractor  
  75  5:15  Overlord  
  75  5:16  Zergling x4  
  75  5:21  Queen  
  74  5:22  Overlord  
  74  5:26  Zergling x4  
  74  5:27  Overlord  
  75  5:28  Drone x2  
  75  5:32  Drone  
  75  5:35  Roach x3  
  83  5:36  Spine Crawler  
  83  5:37  Roach  
  83  5:40  Spine Crawler  
  83  5:41  Baneling x2  
  83  5:42  Roach x2  
  87  5:44  Roach  
  87  5:45  Roach  
  87  5:47  Roach  
  87  5:49  Roach x2  
  92  5:57  Roach  
  92  5:59  Roach x3  
  92  6:00  Roach  
  100  6:07  Roach  
  100  6:08  Roach  
  100  6:14  Roach x3  
  100  6:16  Zergling x4  
  98  6:25  Overlord  
  100  6:27  Roach  
  100  6:29  Roach  
  100  6:31  Roach  
  106  6:33  Roach  
  106  6:34  Roach, Baneling x2  
  106  6:45  Roach x3  
  112  6:55  Glial Reconstitution  
  112  6:56  Drone x3  
  115  7:04  Drone, Overlord  
  115  7:05  Hatchery  
  115  7:07  Drone  
  115  7:08  Zerg Missile Weapons Level 2  
  115  7:09  Drone x3  
  115  7:15  Overlord  
  119  7:17  Hatchery  
  119  7:20  Drone x2  
  118  7:22  Overseer  
  118  7:27  Drone x2  
  118  7:28  Drone  
  118  7:29  Extractor  
  119  7:39  Drone  
  119  7:40  Drone x2  
  119  7:43  Overlord  
  122  7:46  Hatchery  
  122  7:47  Drone  
  122  7:49  Roach x7  
  136  7:55  Drone  
  136  7:56  Overlord  
  137  8:00  Overlord x2  
  137  8:02  Overseer  
  137  8:11  Roach x2  
  137  8:12  Roach x2  
  145  8:16  Overlord x2  
  145  8:17  Roach x4  
  145  8:18  Overlord  
  153  8:20  Ravager  
  153  8:21  Ravager x3  
  153  8:22  Ravager  
  153  8:25  Roach x3  
  164  8:34  Roach x2  
  168  8:37  Roach x3  
  168  8:38  Roach x4  
  182  8:43  Roach x2  
  182  8:44  Roach x2  
  182  8:48  Ravager  
  191  8:51  Overlord  
  191  8:53  Roach, Nydus Network  
  192  8:56  Overlord  
  192  9:00  Roach x3  
  196  9:11  Roach x3  
  198  9:19  Ravager  
  198  9:22  Queen  
  198  9:24  Roach  
  198  9:28  Roach x7  
  184  9:32  Roach  
  184  9:33  Roach x4  
  184  9:36  Roach x3  
  179  9:39  Nydus Canal  
  179  9:40  Roach x2  
  179  9:41  Roach  
  179  9:44  Roach x2  
  179  9:47  Roach  
  179  9:48  Roach  
  179  9:49  Roach  
  185  9:55  Roach x4  
  185  9:57  Roach  
  195  10:01  Roach  
  195  10:03  Roach x2  
  195  10:04  Roach  
  173  10:17  Roach x5  
  173  10:18  Roach  
  173  10:21  Roach x4  
  161  10:25  Roach x2  
  161  10:26  Roach  
  151  10:30  Roach x2  
  151  10:31  Roach  
  151  10:34  Nydus Canal  
  138  10:36  Roach x2  
  138  10:39  Roach x2, Extractor  
  138  10:41  Roach  
  138  10:42  Roach, Overseer  
  149  10:44  Roach  
  149  10:45  Roach  
  149  10:46  Roach  
  149  10:48  Queen  
  157  10:52  Roach x2  
  157  11:06  Nydus Canal  
  157  11:08  Roach x2  
  157  11:10  Ravager x2  
  163  11:13  Roach x5  
  172  11:18  Roach x2  
  172  11:19  Roach x4  
  172  11:23  Nydus Canal  
  172  11:24  Roach  
  172  11:25  Ravager  
  182  11:26  Roach  
  182  11:27  Roach  
  182  11:29  Roach  
  182  11:30  Roach  
  188  11:32  Roach  
  188  11:35  Roach  
  188  11:36  Roach  
  188  11:38  Nydus Canal  
  188  11:39  Roach  
  192  11:45  Ravager  
  192  11:46  Roach  
  192  11:47  Roach x2  
  199  11:53  Roach  
  197  12:01  Roach  
  197  12:03  Roach x2  
  197  12:06  Roach  
  197  12:07  Roach  
  196  12:09  Roach x2  
  196  12:11  Roach  
  196  12:13  Roach  
  196  12:14  Roach x2  
  197  12:17  Roach x2  
  197  12:19  Roach  
  197  12:22  Roach  
  173  12:24  Roach  
  173  12:27  Roach  
  152  12:30  Roach  
  152  12:34  Roach  
  152  12:35  Roach x2  
  148  12:40  Roach x2  
  148  12:44  Roach  
  130  12:45  Roach x3  
  130  12:48  Roach  
  130  12:51  Roach  
  127  12:52  Roach  
  127  12:53  Roach  
  131  12:59  Roach  
  131  13:01  Ravager  
  131  13:03  Ravager x2  
Tags
 
Add a new tag
Caveats
  • Supply blocks, unpowered buildings, or Contaminate may cause inaccurate times.
  • Supply counts are checked every 10 seconds.